 Dungeon Crawl Stone Soup version 0.28-a0-413-gde365fb1df (webtiles) character file.

Game seed: 11936242396354457208

1239 wakim the Destroyer (level 8, -6/72 HPs)
             Began as a Tengu Conjurer on Sept 7, 2021.
             Succumbed to Edmund's poison
             ... on level 5 of the Dungeon.
             The game lasted 00:13:57 (6462 turns).

wakim the Destroyer (Tengu Conjurer)                Turns: 6462, Time: 00:13:58

Health: -6/72      AC: 31    Str:  8    XL:     8   Next: 49%
Magic:  25/25      EV:  2    Int: 21    God:
Gold:   79         SH:  0    Dex: 12    Spells: 15/17 levels left

rFire   . . .      SeeInvis +   a - +5 mace "Lazxul" {protect, Fly MP+9}
rCold   . . .      Faith    .   (no shield)
rNeg    + + +      Spirit   .   (armour currently unavailable)
rPois   +          Reflect  .   (helmet currently unavailable)
rElec   .          Harm     .   (cloak currently unavailable)
rCorr   .          Rampage  .   (gloves currently unavailable)
Will    .....      NoTele   +   (boots unavailable)
Stlth   ++........              (no amulet)
HPRegen 0.22/turn               f - ring of see invisible
MPRegen 0.19/turn               (no ring)

@: lethally poisoned (-6 -> -37), tree-form, under a protective aura, studying
Stealth
A: stationary, stasis, torment immunity, boosted hp, (beak), (talons 3), nimble
flight
a: no special abilities


You were on level 5 of the Dungeon.
You were a tree.
You visited 1 branch of the dungeon, and saw 5 of its levels.

You collected 161 gold pieces.
You spent 82 gold pieces at shops.

Inventory:

Hand Weapons
 a - the +5 mace "Lazxul" (weapon) {protect, Fly MP+9}
   (You took it off an orc on level 4 of the Dungeon)

   It grants its wielder temporary protection when it strikes (+7 to AC).
   MP:        It affects your magic capacity (+9).
   Fly:       It grants you flight.
 b - a +1 long sword
Armour
 d - the +6 ring mail "Tetze Qok" (melded) {Will++ Regen+ MP+9 Stlth-}
   (You found it on level 5 of the Dungeon)

   MP:        It affects your magic capacity (+9).
   Regen:     It increases your rate of health regeneration.
   Will:      It greatly increases your willpower.
   Stlth:     It makes you less stealthy.
 h - a +0 pair of gloves (melded)
Magical Staves
 c - a staff of air
Jewellery
 f - a ring of see invisible (left branch)
Wands
 t - a wand of digging (6)
 x - a wand of charming (15)
Scrolls
 r - a scroll of identify
 R - a scroll of magic mapping {!r}
 V - a scroll of vulnerability {!r!r}
Potions
 D - 3 potions of brilliance
 M - a potion of mutation {!q}
 N - a potion of might


   Skills:
 * Level 4.4 Fighting
 - Level 1.5 Long Blades
 - Level 3.0 Maces & Flails
 + Level 0.5 Armour
 + Level 5.0 Dodging
 - Level 2.0 Stealth
 - Level 5.0 Spellcasting
 - Level 8.0 Conjurations


You had 15 spell levels left.
You knew the following spells:

 Your Spells              Type           Power      Damage    Failure   Level
s - Searing Ray           Conj           76%        2d7       1%          2

Your spell library contained the following spells:

 Spells                   Type           Power      Damage    Failure   Level
 Magic Dart               Conj           100%       1d8       1%          1
 Dazzling Flash           Conj/Hex       44%        N/A       6%          3
 Stone Arrow              Conj/Erth      44%        3d9       6%          3
 Animate Skeleton         Necr           10%        N/A       11%         1
 Apportation              Tloc           10%        N/A       11%         1
 Beastly Appendage        Tmut           10%        N/A       11%         1
 Summon Small Mammal      Summ           20%        N/A       11%         1
 Ensorcelled Hibernation  Hex/Ice        10%        N/A       16%         2
 Wereblood                Tmut           5%         N/A       16%         2
 Fulminant Prism          Conj/Hex       11%        3d9       21%         4
 Iskenderun's Mystic Bla  Conj/Tloc      22%        2d6       21%         4
 Frozen Ramparts          Ice            10%        1d3       32%         3
 Spider Form              Tmut/Pois      2%         N/A       32%         3
 Tukima's Dance           Hex            5%         N/A       32%         3
 Animate Armour           Summ/Erth      10%        N/A       71%         4
 Ice Form                 Ice/Tmut       5%         N/A       71%         4
 Summon Ice Beast         Ice/Summ       5%         N/A       71%         4
 Lehudib's Crystal Spear  Conj/Erth      11%        10d4      100%        8


Dungeon Overview and Level Annotations

Branches:
Dungeon (5/15)
 Temple: D:4-7

Altars:
Xom

Shops:
D:2 (   D:5 ?

Annotations:
D:5 Edmund


Innate Abilities, Weirdness & Mutations

You are a tree.
Your roots penetrate the ground, keeping you stationary.
You cannot be teleported.
You are immune to unholy pain and torment.
Your maximum health is greatly increased.
Your equipment is partially melded.
((You have a beak for a mouth.))
((You have claws for feet.))
Your magical nature lets you fly swiftly and evasively.


Message History

You can't see any susceptible monsters within range! (Use Z to cast anyway.)
You can't see any susceptible monsters within range! (Use Z to cast anyway.)
The searing ray hits Edmund.
Edmund is lightly wounded. (Press . to maintain the ray.)
The searing ray hits Edmund.
Edmund is lightly wounded.
The searing ray hits Edmund.
Edmund is moderately wounded.
Edmund hits you with a +8 flail of venom.
You are poisoned.
The searing ray hits Edmund!
Edmund is heavily wounded.
You finish channelling your searing ray.
You feel very sick.
Edmund says, "Everyone always remembers my brother. 'Who's Edmund?' they ask!"
Edmund hits you with a +8 flail of venom!
You are more poisoned.
You are too injured to fight recklessly!
Unknown command.
You barely miss Edmund. You claw Edmund! You peck Edmund, but do no damage.
Edmund is severely wounded.
You feel extremely sick.
Edmund hits you with a +8 flail of venom!
* * * LOW HITPOINT WARNING * * *
You are lethally poisoned!
Really quaff
L - a potion of lignification {!q}?
Really quaff the potion of lignification?
You turn into a tree.
Your +0 pair of gloves melds into your body.
The +6 ring mail "Tetze Qok" {Will++ Regen+ MP+9 Stlth-} melds into your body.
Your roots penetrate the ground.
* * * LOW HITPOINT WARNING * * *
You feel extremely sick.
Edmund hits you with a +8 flail of venom!
* * * LOW HITPOINT WARNING * * *
You hit Edmund.
Your weapon exudes an aura of protection.
Edmund is severely wounded.
You die...

##<.## ##..# #$.. ##...#
##..## #...# ##...##
#..## ....# #.....###..#
....# ##......##..##
#...##.........#...##
#..................#
#@...#####....##...
#.♣.# ##...#####
#...#### #...#
#......####...#
#........)...##
##.........<..#
#......####..##
##......## ####
#.........## ######
......###....####.......


You could see Edmund.

Vanquished Creatures
  Grinder (D:5)
  A necrophage (D:4)
  A black bear (D:4)
  An ogre (D:5)
  A centaur (D:5)
  A phantom (D:5)
  A water moccasin zombie (D:4)
  2 scorpions (D:5)
  2 hounds (D:4)
  3 jellies (D:4)
  A scorpion zombie (D:5)
  Natasha (thrice) (D:4)
  A hound zombie (D:5)
  A hound skeleton (D:4)
  A howler monkey skeleton (D:4)
  A howler monkey zombie (D:5)
  7 adders
  An adder zombie (D:5)
  A worm (D:2)
  7 dart slugs
  7 orcs
  5 ball pythons
  7 bats
  3 endoplasms
  2 giant cockroaches
  11 hobgoblins
  4 jackals (D:4)
  4 quokkas
  2 frilled lizards (D:1)
  3 goblins
  6 kobolds
  3 rats
95 creatures vanquished.

Vanquished Creatures (others)
  A plant (D:1)
1 creature vanquished.

Grand Total: 96 creatures vanquished

Notes
Turn   | Place    | Note
-------+----------+-------------------------------------------
     0 | D:1      | wakim the Tengu Conjurer began the quest for the Orb.
     0 | D:1      | Reached XP level 1. HP: 10/10 MP: 4/4
   246 | D:1      | Reached XP level 2. HP: 15/15 MP: 4/6
   470 | D:1      | Learned a level 2 spell: Searing Ray
   521 | D:1      | Reached skill level 6 in Conjurations
  1004 | D:1      | Reached XP level 3. HP: 17/19 MP: 2/7
  1690 | D:1      | Found a faded altar of an unknown god.
  2112 | D:2      | Found Cepsaegy's Weapon Boutique.
  2220 | D:2      | Found a shimmering altar of Xom.
  2314 | D:2      | Reached XP level 4. HP: 24/24 MP: 5/9
  2860 | D:3      | Reached skill level 7 in Conjurations
  3831 | D:4      | Gained mutation: Your magical nature lets you fly swiftly
                  | and evasively. [Tengu growth]
  3831 | D:4      | Reached XP level 5. HP: 28/28 MP: 5/10
  4148 | D:4      | Reached skill level 8 in Conjurations
  4148 | D:4      | Reached XP level 6. HP: 14/32 MP: 1/13
  4359 | D:4      | Noticed a black bear
  4392 | D:4      | Killed a black bear
  4616 | D:4      | Noticed a necrophage
  4623 | D:4      | Killed a necrophage
  4624 | D:4      | Reached skill level 5 in Spellcasting
  4722 | D:4      | Reached XP level 7. HP: 37/37 MP: 9/15
  4862 | D:4      | Reached skill level 1 in Fighting
  4987 | D:4      | Reached skill level 1 in Long Blades
  5100 | D:4      | Noticed Natasha
  5104 | D:4      | Killed Natasha
  5109 | D:4      | Noticed Natasha
  5114 | D:4      | Killed Natasha
  5240 | D:4      | Noticed Natasha
  5246 | D:4      | Killed Natasha
  5474 | D:4      | Identified the +5 mace "Lazxul" {protect, Fly MP+9}
  5607 | D:5      | Entered Level 5 of the Dungeon
  5739 | D:5      | Found Rerudgh's Magic Scroll Boutique.
  5745 | D:5      | Bought a scroll of identify for 22 gold pieces
  5745 | D:5      | Bought a scroll of identify for 22 gold pieces
  5745 | D:5      | Bought a scroll of magic mapping for 38 gold pieces
  5797 | D:5      | Reached skill level 1 in Maces & Flails
  5807 | D:5      | Reached XP level 8. HP: 41/46 MP: 11/16
  5883 | D:5      | Noticed Grinder
  5893 | D:5      | Killed Grinder
  5894 | D:5      | Reached skill level 5 in Dodging
  6121 | D:5      | Identified the +6 ring mail "Tetze Qok" {Will++ Regen+ MP+9
                  | Stlth-}
  6453 | D:5      | Noticed Edmund
  6461 | D:5      | HP: 1/72 [Edmund (12)]
  6462 | D:5      | Succumbed to Edmund's poison

Illustrated notes

Levels and vault maps discovered:
D:1:      mrwooster_arrival_statue_3, layout_loops_corners,
          shapermc_ecumenical_altar_petra
D:2:      layout_rooms, serial_shops, nicolae_shop_crystal, basic_altar,
          minmay_stone_trees_small
D:3:      layout_basic, st_stairs_11
D:4:      layout_cave_pods, minmay_bent, uniq_natasha
D:5:      layout_layer_cave, serial_shops, shop, minmay_manual_mail,
          uniq_edmund, uniq_grinder

Skill      XL: |  1  2  3  4  5  6  7  8 |
---------------+-------------------------+-----
Conjurations   | 6 7 8 |  8.0
Spellcasting   | 3 4 5 |  5.0
Fighting       | 3 4 |  4.4
Long Blades    | 1 |  1.5
Dodging        | 4 5 |  5.0
Maces & Flails | 1 3 |  3.0
Armour         | |  0.5
Stealth        | |  2.0

Action                   |  1- 3 |  4- 6 |  7- 9 || total
-------------------------+-------+-------+-------++-------
Melee: Dagger            |     2 |    12 |       ||    14
       Kick              |     2 |     1 |     6 ||     9
       Peck              |     1 |     1 |     3 ||     5
       Long sword        |     1 |       |       ||     1
       Mace              |       |       |    14 ||    14
 Cast: Magic Dart        |    17 |       |       ||    17
       Searing Ray       |    26 |    29 |    31 ||    86
  Use: Scroll            |       |    10 |     2 ||    12
       Potion            |       |       |     2 ||     2
Armor: Robe              |     4 |     4 |     4 ||    12
       Ring mail         |       |       |     2 ||     2
Dodge: Dodged            |    16 |    25 |    28 ||    69

Table legend: (Time is in decaauts)
 A = Elapsed time spent in this place.
 B = Non-inter-level travel time spent in this place.
 C = Inter-level travel time spent in this place.
 D = Time resting spent in this place.
 E = Time spent auto-exploring this place.
 F = Levels seen in this place.
 G = Mean time per level.
                   A        B        C        D        E       F      G
               +--------+--------+--------+--------+--------+-----+--------+
         Total |   6361 |   6180 |    181 |    198 |   5268 |   5 | 1272.2 |
       Dungeon |   6361 |   6180 |    181 |    198 |   5268 |   5 | 1272.2 |
               +--------+--------+--------+--------+--------+-----+--------+

Top non-repeatable levels by time:
     D:4: 1752 daAuts
     D:1: 1745 daAuts
     D:3: 1218 daAuts
     D:5: 824 daAuts
     D:2: 819 daAuts
